AoeStats
← Dragon Extreme

Arabia

510248988Analyzed
1v1 RM · 16h ago on Sep 30, 2026· 31m 6s· 2 players
Game mode
Random Map
Map size
Tiny (2 player)
Population
200
Speed
Normal
Resources
Standard
Victory
Conquest
Starting age
Dark Age
Ending age
Imperial Age
RankedLock teamsTeams togetherTeam positionsShared explorationLock speedFull tech treeHidden civsTurbo modeCheats
Victory
Defeat
🇺🇸 Franks · United States
1421
+18
🇨🇴 Spanish · Colombia
1457
-18
AttiladaHun
6:12 Loom
9:30 Feudal Age
10:20 Double-Bit Axe
14:11 Fletching
26:45 Castle Age
25:22 Scale Barding Armor
25:28 Forging
25:30 Gold Mining
27:38 Wheelbarrow
27:34 Husbandry
27:58 Chain Barding Armor
27:50 Bow Saw
Dragon Extreme
5:35 Loom
8:21 Feudal Age
15:20 Fletching
18:29 Padded Archer Armor
20:33 Double-Bit Axe
26:50 Wheelbarrow
29:55 Castle Age
28:14 Scale Barding Armor
28:33 Gold Mining
29:22 Forging
Connection lost

Rejoining the realm…

Still unreachable

The connection could not be restored.

Session expired

The server has moved on; the page needs a fresh start.